[Event "85th Armenian Mens-ch 2024"]
[Site "Yerevan"]
[Date "2024.11.28"]
[Round "4.1"]
[White "Sargsyan, Sargis Vach."]
[Black "Gasparyan, Erik R."]
[Result "1/2-1/2"]
[ECO "D37"]
[WhiteElo "2321"]
[BlackElo "2371"]
[Annotator "TA"]
[PlyCount "86"]
[EventDate "2024.11.24"]
[EventCountry "ARM"]
[SourceTitle "playchess.com"]
[Source "ChessBase"]
[SourceQuality "1"]
[TimeControl "40/5400+30:1800+30"]

1. d4 Nf6 2. c4 e6 3. Nf3 d5 4. Nc3 Be7 5. Bf4 O-O 6. e3 c5 7. dxc5 Bxc5 8. Qc2 Nc6 9. Rd1 Qa5 10. a3 h6 11. Nd2 d4 12. Nb3 $1 Qb6 13. Nxc5 Qxc5 14. b4 Qe7 $1 15. exd4 a5 16. c5 axb4 17. axb4 Nd5 18. Bd6 Qf6 19. Qd2 ({Don't play} 19. Nxd5 $6 exd5 20. Bxf8 Bg4 $16) 19... Nxc3 20. Qxc3 Ra2 21. Be2 Re8 $1 22. Be5 {[%emt 0:20:22] This pair of bishops is nice.} Qf5 23. Bf3 Bd7 {[%emt 0:00:10] ...Nxe5 is the strong threat.} 24. O-O Rea8 25. Qe1 Nxe5 $1 26. Qxe5 Qxe5 27. dxe5 Bc6 28. Bxc6 bxc6 $14 {[%emt 0:00:04][%mdl 4096] Endgame KRR-KRR. White is a pawn up.} 29. g3 Rb8 30. Rd4 Rb2 31. Ra1 R2xb4 32. Rxb4 Rxb4 $11 {[%emt 0:00:04] KR-KR} 33. Ra6 Re4 34. f4 g5 35. Rxc6 {[%emt 0:08:19] Rc8+ is the strong threat.} gxf4 36. Rc8+ Kg7 37. gxf4 Rxf4 38. c6 Rc4 39. c7 Rc2 40. h4 Kh7 41. Kf1 Kg7 42. Ke1 Rc5 43. Kf2 Rc3 1/2-1/2

[Event "85th Armenian Mens-ch 2024"]
[Site "Yerevan"]
[Date "2024.11.28"]
[Round "4.2"]
[White "Gharibyan, Mamikon"]
[Black "Piliposyan, Robert"]
[Result "1-0"]
[ECO "B30"]
[WhiteElo "2462"]
[BlackElo "2418"]
[Annotator "TA"]
[PlyCount "121"]
[EventDate "2024.11.24"]
[EventCountry "ARM"]
[SourceTitle "playchess.com"]
[Source "ChessBase"]
[SourceQuality "1"]
[TimeControl "40/5400+30:1800+30"]

1. e4 c5 2. Nf3 Nc6 3. Bc4 e6 4. O-O d5 5. Bb5 dxe4 6. Ne5 {[%emt 0:00:15] B30: Sicilian: 2...Nc6 3 Bb5, lines without ...g6.} Qc7 7. Nxc6 bxc6 8. Bc4 Bd6 9. h3 Nf6 10. Nc3 e5 $146 ({Predecessor:} 10... Bh2+ 11. Kh1 Be5 12. Qe2 Bxc3 13. dxc3 h5 14. Kg1 Qe5 15. Qe3 a5 16. Qf4 Qxf4 17. Bxf4 {0-1 Salonen,A (2187)-Kukushkin,I (2033) Heart of Finland op 32nd 2024 (5)}) 11. f3 exf3 12. Qxf3 O-O 13. d3 Be6 14. Bxe6 fxe6 15. Bg5 Qb6 16. Bxf6 Rxf6 17. Qg4 Rg6 18. Qc4 Qb4 (18... Be7 $11 {keeps the balance.}) 19. b3 $16 Be7 (19... Qxc4 20. bxc4 Bc7 21. Rab1 $18 (21. Ne4 Rb8 $14)) 20. Ne4 a5 (20... Rd8 $142) 21. a3 Qb6 22. Rf3 Qd8 23. Raf1 (23. Nxc5 Qb6 (23... Bxc5+ 24. Qxc5 Qd4+ 25. Qxd4 $16) 24. d4 Rd8 25. Nxe6 Rd5 $17) 23... Qd4+ 24. Kh2 h5 25. Rf7 Bg5 (25... Ra7 $14) 26. Rc7 $16 (26. Nxc5 Qxc4 27. bxc4 (27. dxc4 Bf4+ 28. R1xf4 exf4 $19) 27... Bf4+ 28. R1xf4 exf4 29. Rxf4 Rg5 30. Nxe6 Re5 $17) 26... Bf4+ (26... a4 $16) 27. g3 $18 Rxg3 $2 (27... Be3 28. Qxd4 (28. Rxc6 h4 $18) 28... exd4 29. Nxc5 (29. Rxc6 h4 $18) 29... e5) 28. Nxg3 (28. Qxe6+ $142 Kh8 29. Nxg3) 28... Qd6 $18 29. Rb7 h4 {[%emt 0:00:03] [#]} 30. Rxf4 $1 hxg3+ 31. Kxg3 exf4+ 32. Qxf4 Qxf4+ 33. Kxf4 a4 34. b4 (34. Ke5 $18 {and the rest is easy.}) 34... cxb4 $16 35. Rxb4 Ra5 36. Rc4 Kf7 37. Rxc6 (37. h4 $142) 37... Kf6 $2 {[%emt 0:00:25] [#]} (37... Rf5+ $16 38. Ke3 Rh5) 38. Rc4 $1 $18 Rh5 39. Kg3 (39. Rxa4 $2 {perishes.} Rh4+ (39... Rxh3 40. Ra8 $16) 40. Kf3 Rxa4 $19) 39... Rg5+ 40. Kf3 Ra5 41. h4 Ke5 42. Ke3 Kd6 43. Kd2 Ra7 44. Kc3 e5 45. Rg4 Rc7+ 46. Kd2 Ra7 47. Ke3 Rc7 48. c4 ({Less strong is} 48. Rxa4 Rxc2 49. Rb4 Ra2 $11) 48... Rb7 (48... Rf7 $142 49. Rg6+ Kc5) 49. Rg6+ $18 Kc5 50. Re6 Rb3 51. Rxe5+ Kc6 52. Kd4 Rxa3 53. Rg5 Rb3 54. Rg6+ Kb7 55. Rxg7+ Ka6 56. Rg8 Kb7 57. Rg5 Ka6 58. Rb5 Ra3 59. h5 Ra1 60. Rb8 Ka5 61. Kc5 1-0

[Event "85th Armenian Mens-ch 2024"]
[Site "Yerevan"]
[Date "2024.11.28"]
[Round "4.3"]
[White "Davtyan, Arsen"]
[Black "Hakobyan, Erik"]
[Result "1-0"]
[ECO "D85"]
[WhiteElo "2400"]
[BlackElo "2409"]
[Annotator "TA"]
[PlyCount "79"]
[EventDate "2024.11.24"]
[EventCountry "ARM"]
[SourceTitle "playchess.com"]
[Source "ChessBase"]
[SourceQuality "1"]
[TimeControl "40/5400+30:1800+30"]

1. d4 Nf6 2. c4 g6 3. Nc3 d5 4. cxd5 Nxd5 5. Bd2 c5 6. e4 Nxc3 7. Bxc3 cxd4 8. Qxd4 {[%emt 0:06:14] White has an edge.} (8. Bxd4 {with more complications.} e5 9. Bxe5 Bb4+ 10. Bc3) 8... Qxd4 9. Bxd4 f6 10. Bc4 Nc6 11. Be3 f5 12. Nf3 Bg7 13. O-O-O fxe4 14. Ng5 Bg4 15. Rd2 {[%emt 0:02:46][%cal Oh2h3][%mdl 1024] White has compensation.} Ne5 16. Bd5 O-O-O 17. Kb1 (17. Bxe4 Rxd2 18. Bxd2 Nc4 $18) 17... Kb8 18. h3 Bf5 {[%emt 0:04:27] Threatens to win with ...Bf6.} 19. g4 Bc8 (19... Nd3 $2 20. Bb3 Bd7 21. Rhd1 $16 (21. Nxe4 Bc6 $11) (21. Nf7 Rdf8 $16)) 20. Rhd1 (20. Bxe4 Rxd2 21. Bxd2 h6 $17) (20. Nxe4 h5 21. Ng3 hxg4 22. hxg4 Nxg4 (22... Rxh1+ 23. Bxh1 Rxd2 24. Bxd2 $15) 23. Rxh8 Rxh8 24. Bf4+ e5 $17) 20... h6 21. Nxe4 (21. Bxe4 $2 Rxd2 22. Bxd2 hxg5 $19) 21... h5 22. Ng5 hxg4 23. Bf4 (23. hxg4 Bxg4 24. f3 Bf5+ 25. Ka1 Rh4 $17) 23... Bf5+ 24. Ka1 {[%emt 0:00:16] And now Nf7 would win.} Rd6 (24... gxh3 $2 25. Nf7 Ka8 (25... Rxd5 $2 26. Rxd5 Rc8 27. Nxe5 $18) 26. Nxd8 (26. Nxe5 Rc8 $16) (26. Bxe5 Bxe5 27. Nxd8 Rxd8 $18) 26... Rxd8 27. Bxb7+ Kxb7 28. Rxd8 $18) (24... e6 $1 $11 {remains equal.} 25. hxg4 (25. Bxe6 Rxd2 26. Rxd2 gxh3 $17) (25. Nxe6 Bxe6 26. Bxe6 Rxd2 $17) 25... Bxg4 26. Nxe6 (26. Bxe6 $2 Rxd2 27. Bxg4 Rxd1+ 28. Bxd1 Rh1 $19) 26... Bxe6 27. Bxe6 Rxd2 28. Bxd2 Nd3) 25. hxg4 $16 Bxg4 {[%emt 0:00:38] [#]} 26. Re1 (26. f3 $1 $16 Bf5 27. Nf7 Nxf7 28. Bxf7) 26... Ka8 $2 27. a3 (27. Rxe5 $2 Bxe5 (27... Rxd5 28. Rexd5 Rh1+ 29. Rd1 $17) 28. Bxe5 Rxd5 29. Bxh8 Rxd2 $19) 27... Rhd8 28. Bxe5 Bxe5 (28... Rxd5 29. Rxd5 Rxd5 30. Bxg7) 29. Rxe5 e6 {[%emt 0:01:06] [#]} 30. Bxe6 {[%emt 0:00:50] aiming for Rxd6.} (30. Nxe6 Bxe6 31. Rxe6 Rxe6 32. Bxb7+ Kxb7) 30... Rxd2 31. Bxg4 Rxf2 32. Bf3 Rfd2 (32... a6 $16 {was worth a try.}) 33. Ne6 Rg8 (33... Rc8 34. Rb5 Rc1+ 35. Ka2 Rd7) 34. Rb5 $18 Rd7 35. Nc5 a6 36. Rb6 (36. Rxb7 Rxb7 37. Bxb7+ Ka7 $11) (36. Bxb7+ Ka7 37. Rb4 (37. Nxa6 $2 {perishes.} Rxb7 38. Ra5 Kb6 $19) (37. Bxa6 Rc7 $18) 37... Rc7 $18) (36. Nxa6 Re7 37. Nc5 Rgg7 $18) 36... Rdd8 (36... Re7 37. Bxb7+ (37. Rxb7 Rxb7 38. Bxb7+ Ka7 $16) 37... Rxb7 38. Rxb7 Rc8) 37. Bxb7+ (37. Rxb7 $142 Rdf8 38. Be4 (38. Rf7+ Kb8 $18) 38... Rf1+ 39. Ka2) 37... Ka7 38. Rxa6+ Kb8 39. Ra8+ Kc7 40. Ne6+ {[%emt 0:00:00] Weighted Error Value: White=0.34/Black=0.28 (precise) .  Loses game:     	---       	Black=1      Mistake:       	White=2     	Black=4      Inaccurate:     	White=3     	Black=3      OK:         	White=12    	Black=14     Best:        	White=4     	Black=3} 1-0

[Event "85th Armenian Mens-ch 2024"]
[Site "Yerevan"]
[Date "2024.11.28"]
[Round "4.4"]
[White "Agasarov, Benik"]
[Black "Sukiasyan, Vahe A."]
[Result "1-0"]
[ECO "B30"]
[WhiteElo "2410"]
[BlackElo "2368"]
[Annotator "TA"]
[PlyCount "45"]
[EventDate "2024.11.24"]
[EventCountry "ARM"]
[SourceTitle "playchess.com"]
[Source "ChessBase"]
[SourceQuality "1"]
[TimeControl "40/5400+30:1800+30"]

1. e4 c5 2. Nf3 Nc6 3. Bb5 e6 4. O-O Nge7 5. Re1 b6 (5... a6 $11 6. Bf1 b6) 6. c3 $14 a6 7. Bxc6 (7. Ba4 $14) 7... Nxc6 $11 8. d4 {[%emt 0:00:05][%cal Bd2d4,Bd4d5][%mdl 32] White has an edge.} d5 9. exd5 Qxd5 10. c4 Qf5 (10... Qxc4 $11 11. b3 Qd5) 11. Nc3 $16 {[%emt 0:09:49][%cal Bb1c3,Bc3e4,Be4g3][%mdl 32] Strongly threatening Nd5.} Be7 (11... Nxd4 $16 12. Nxd4 cxd4) 12. d5 $18 Nb4 {[%emt 0:01:05] [#]} (12... Nd4 $142) 13. Ne4 $1 a5 $2 (13... exd5 $2 {too greedy.} 14. Nd6+ Kf8 15. Nxf5 $18) (13... Bb7 {might work better.} 14. Bg5 Bxd5 (14... exd5 $2 15. Nd6+ Kd7 16. Nxf5 $18)) 14. a3 {[%emt 0:00:14] White is clearly winning.} Na6 (14... exd5 $2 {loses.} 15. Nd6+ Kf8 16. Nxf5) (14... Nd3 $142 15. Qxd3 O-O) 15. d6 Bf8 16. Ng3 Qf6 17. Bg5 Qxb2 18. Ne5 {[%emt 0:05:09] Threatening mate with d7+.} Nb8 19. Qf3 Ra7 {[%emt 0:00:03] [#]} 20. d7+ $1 Rxd7 21. Nxd7 Bxd7 22. Rab1 Qd4 23. Rxb6 {[%emt 0:00:15] Weighted Error Value: White=0.14 (very precise) /Black=0.92.  Mistake:       	White=1     	Black=5      OK:         	White=3     	Black=3      Best:        	White=1     	---        Strong:       	White=1     	---} 1-0

[Event "85th Armenian Mens-ch 2024"]
[Site "Yerevan"]
[Date "2024.11.28"]
[Round "4.5"]
[White "Babujian, Levon"]
[Black "Pogosyan, Stefan"]
[Result "1-0"]
[ECO "C96"]
[WhiteElo "2330"]
[BlackElo "2407"]
[Annotator "RC"]
[PlyCount "91"]
[EventDate "2024.11.24"]
[EventCountry "ARM"]
[SourceTitle "playchess.com"]
[Source "ChessBase"]
[SourceQuality "1"]
[TimeControl "40/5400+30:1800+30"]

1. e4 e5 2. Nf3 Nc6 3. Bb5 a6 4. Ba4 Nf6 5. O-O Be7 6. Re1 b5 7. Bb3 d6 8. c3 O-O 9. h3 Na5 10. Bc2 c5 11. d4 Qc7 12. Nbd2 exd4 13. cxd4 Bb7 14. d5 Nd7 15. Nf1 Bf6 16. Ng3 g6 17. Nh2 Nc4 18. Rb1 Bg7 19. b3 Ncb6 20. h4 h5 21. Nf3 Nf6 22. Ng5 Rae8 23. Bb2 Nbd7 24. Qd2 Re7 25. Bd3 Rfe8 26. Rbc1 Ne5 27. Be2 Qb6 28. b4 cxb4 29. Qxb4 Nfg4 30. Bd4 Nd3 31. Bxb6 Nxb4 32. Ba5 Bd4 33. Nh3 Bc5 34. a3 Nxd5 35. exd5 Bxa3 36. Rcd1 Nf6 37. Nf4 Bb2 38. Nd3 Be5 39. Nxe5 dxe5 40. Bf3 e4 41. Bb4 Rc7 42. Nxe4 Nxe4 43. Rxe4 Rxe4 44. Bxe4 Rc4 45. d6 Bc8 46. Bb7 1-0